 Dungeon Crawl Stone Soup version 0.17-a0-1176-g3d5a0d0 (webtiles) character file.

4536 Solfyre the Protected (level 10, 0/93 HPs)
             Began as a Minotaur Berserker on May 31, 2015.
             Was a High Priest of Trog.
             Succumbed to a killer bee's poison
             ... on level 9 of the Dungeon.
             The game lasted 01:26:20 (6468 turns).

Solfyre the Protected (Minotaur Berserker)          Turns: 6468, Time: 01:26:20

Health: 0/93       AC: 15    Str: 25    XL:     10   Next: 17%
Magic:  9/9        EV:  3    Int:  4    God:    Trog [*****.]
Gold:   497        SH: 12    Dex: 10    Spells: 0 memorised, 9 levels left

rFire  + . .     SeeInvis .     w - +0 war axe
rCold  . . .     Clarity  +     y - +0 plate armour
rNeg   . . .     SustAt   +     l - +0 large shield
rPois  .         Gourm    .     (helmet restricted)
rElec  .         Spirit   .     (no cloak)
rCorr  .         Warding  .     (no gloves)
rMut   .         Stasis   .     (no boots)
MR     .....                    (no amulet)
Stlth  ..........               T - ring of protection from fire
                                s - ring of sustain attributes

@: lethally poisoned (0 -> -16), exhausted, slowed, very slow, not resistant to
hostile enchantments, extremely unstealthy
A: retaliatory headbutt, horns 2, clarity, subdued magic 1
a: Burn Spellbooks, Berserk, Trog's Hand, Brothers in Arms, Renounce Religion


You were on level 9 of the Dungeon.
You worshipped Trog.
Trog was extremely pleased with you.
You were not hungry.

You visited 1 branch of the dungeon, and saw 9 of its levels.

You collected 497 gold pieces.

Inventory:

Hand weapons
 a - a +0 hand axe
 d - a +0 battleaxe
 e - a +0 short sword of holy wrath
 f - a +0 whip of electrocution
 j - a +1 short sword of speed
 u - a +0 hand axe
 v - a +0 hunting sling
 w - a +0 war axe (weapon)
 C - a +0 hand axe
 E - the +8 whip "Dajoned" {elec, rN+, unknown}
   (You found it on level 5 of the Dungeon)

   Occasionally, upon striking a foe, it will discharge some electrical energy
   and cause terrible harm.
   It protects you from negative energy.
 I - a +1 flail of protection
 P - a +3 flail
 R - a +0 dire flail
Missiles
 x - 15 bolts of frost
 z - 67 bolts
 U - 2 poisoned tomahawks (quivered)
 V - 3 javelins
Armour
 l - a +0 large shield (worn)
 y - a +0 plate armour (worn)
 M - a +0 scale mail of cold resistance
Jewellery
 s - a ring of sustain attributes (left hand)
 D - an uncursed amulet of regeneration
 T - a ring of protection from fire (right hand)
 X - an uncursed ring of positive energy {unknown}
 Y - an uncursed amulet of rage {unknown}
Magical devices
 K - a wand of teleportation (0)
 N - a wand of confusion (28)
 Q - a wand of flame (18)
Scrolls
 g - 2 scrolls of teleportation {unknown}
 h - 2 scrolls of immolation {unknown}
 i - 2 scrolls of identify
 k - 4 scrolls of amnesia {unknown}
 o - 2 scrolls of remove curse {unknown}
 p - 3 scrolls of magic mapping {unknown}
 r - a scroll of fog {unknown}
 t - 2 scrolls of blinking {unknown}
 A - a scroll of noise {unknown}
 G - a scroll of enchant weapon {unknown}
 J - a scroll of enchant armour {unknown}
Potions
 m - a potion of ambrosia
 n - a potion of lignification
 q - a potion of poison
 B - a potion of magic
 L - 2 potions of might
 O - a potion of curing {unknown}
 S - a potion of flight {unknown}
 W - a potion of mutation
Comestibles
 b - 3 meat rations
 c - 6 bread rations
 H - a chunk of flesh


   Skills:
 * Level 10.1 Fighting
 * Level 10.2 Axes
 - Level 0.2 Throwing
 * Level 11.6 Armour
 - Level 2.1 Dodging
 - Level 0.5 Shields


You had 9 spell levels left.
You didn't know any spells.

Dungeon Overview and Level Annotations

Branches:
Dungeon (9/15)             Temple (0/1) D:6
   Lair: D:8-11         Orc: D:9-12

Altars:
Cheibriados
Elyvilon
Fedhas
Makhleb
Nemelex Xobeh
Okawaru
Qazlal
Ru
Trog
Yredelemnul
Zin

Shops:
D:5 *   D:6 :


Innate Abilities, Weirdness & Mutations

You reflexively headbutt those who attack you in melee.
You have a pair of horns on your head.
You possess an exceptional clarity of mind.
Your spells are a little easier to cast, but a little less powerful.


Message History

You block the killer bee's attack. x2
Unknown command.
It was a potion of beneficial mutation.
You feel insulated.
You feel fantastic!
* * * LOW HITPOINT WARNING * * *
You feel very sick. You block the killer bee's attack.
The killer bee barely misses you. You furiously retaliate!
You headbutt the killer bee! You block the killer bee's attack.
The killer bee stings you but does no damage. x2
The killer bee stings you!
* * * LOW HITPOINT WARNING * * *
You block the killer bee's attack. The killer bee barely misses you.
The killer bee stings you but does no damage.
Drink which item? (? for menu, Esc to quit)
It was a potion of mutation.
You feel extremely strange.
Your connection to magic feels subdued.
You feel conductive.
Your thoughts seem clearer.
You die...

#........
#........
#........
#........
#.†......
#.†......
#Y†......
#yy......
#@yS.....
#########


You could see a yak, 3 killer bees and an adder.

Vanquished Creatures
  A deep elf knight (D:8)
  A troll (D:9)
  2 two-headed ogres (D:8)
  A hippogriff (D:7)
  A vampire mosquito (D:8)
  3 yaks (D:9)
  A soldier ant (D:8)
  A sky beast (D:7)
  2 centaurs (D:8)
  2 orc warriors (D:7)
  A wasp (D:8)
  2 ogres
  2 giant frogs
  2 ice beasts (D:7)
  A scorpion (D:7)
  13 killer bees
  5 wights
  A giant frog zombie (D:6)
  A wasp zombie (D:8)
  2 jellies
  2 crimson imps
  6 hounds
  An orc priest (D:7)
  A giant frog skeleton (D:8)
  A centaur skeleton (D:7)
  3 iguanas
  2 worker ants
  3 adders
  An ooze (D:3)
  An adder skeleton (D:7)
  3 worms
  25 orcs
  2 bat skeletons
  2 bat zombies (D:6)
  4 giant cockroaches
  5 goblins
  13 hobgoblins
  11 kobolds
  2 quokkas (D:8)
  3 ball pythons
  15 bats
  7 giant geckos
  A giant gecko skeleton (D:6)
  7 giant newts
  15 jackals
  A jackal skeleton (D:4)
  A quokka skeleton (D:6)
  7 rats
190 creatures vanquished.

Notes
Turn   | Place    | Note
--------------------------------------------------------------
     0 | D:1      | Solfyre the Minotaur Berserker began the quest for the Orb.
     0 | D:1      | Reached XP level 1. HP: 19/19 MP: 0/0
    63 | D:2      | Found a bloodstained altar of Trog.
    71 | D:2      | Reached skill level 4 in Fighting
    95 | D:2      | Found a white marble altar of Elyvilon.
   122 | D:2      | Reached XP level 2. HP: 16/27 MP: 1/1
   394 | D:2      | Found a sparkling altar of Nemelex Xobeh.
   652 | D:1      | Acquired Trog's second power
   870 | D:1      | Reached XP level 3. HP: 33/35 MP: 2/2
  1230 | D:3      | Reached skill level 5 in Fighting
  1651 | D:2      | Reached XP level 4. HP: 37/42 MP: 3/3
  2210 | D:4      | Found a sacrificial altar of Ru.
  2451 | D:4      | Reached XP level 5. HP: 44/50 MP: 4/4
  2778 | D:5      | Entered Level 5 of the Dungeon
  2778 | D:5      | Found Heirizuo's General Store.
  2948 | D:5      | Noticed an ogre
  2953 | D:5      | Killed an ogre
  2953 | D:5      | Reached skill level 6 in Fighting
  2953 | D:5      | Reached skill level 5 in Armour
  3010 | D:5      | Found a stormy altar of Qazlal.
  3114 | D:5      | Got a pitted whip
  3197 | D:5      | Reached XP level 6. HP: 53/57 MP: 5/5
  3486 | D:6      | Found a burning altar of Makhleb.
  3559 | D:6      | Found a bloodstained altar of Trog.
  3644 | D:6      | Found a staircase to the Ecumenical Temple.
  4142 | D:7      | Reached skill level 5 in Axes
  4142 | D:7      | Reached XP level 7. HP: 41/64 MP: 6/6
  4168 | D:6      | Found Pawkan's Book Shoppe.
  4258 | D:6      | Acquired Trog's third power
  4584 | D:7      | Reached skill level 7 in Fighting
  4694 | D:7      | Reached XP level 8. HP: 27/73 MP: 7/7
  4725 | D:7      | Found a glowing silver altar of Zin.
  4750 | D:7      | Found a basalt altar of Yredelemnul.
  4750 | D:7      | Found an iron altar of Okawaru.
  4752 | D:7      | Found a snail-covered altar of Cheibriados.
  4948 | D:7      | Reached skill level 8 in Armour
  4985 | D:7      | Noticed a hippogriff
  5200 | D:7      | Killed a hippogriff
  5386 | D:7      | Found a blossoming altar of Fedhas.
  5460 | D:8      | Noticed a two-headed ogre
  5500 | D:8      | Killed a two-headed ogre
  5500 | D:8      | Reached skill level 9 in Armour
  5597 | D:8      | Reached XP level 9. HP: 77/82 MP: 8/8
  5886 | D:8      | Received a gift from Trog
  6033 | D:8      | Noticed a deep elf knight
  6047 | D:8      | Killed a deep elf knight
  6047 | D:8      | Reached skill level 10 in Armour
  6093 | D:8      | Noticed a two-headed ogre
  6102 | D:8      | Killed a two-headed ogre
  6102 | D:8      | Reached skill level 11 in Armour
  6395 | D:9      | Reached XP level 10. HP: 53/93 MP: 9/9
  6448 | D:9      | Reached skill level 10 in Fighting
  6448 | D:9      | Reached skill level 10 in Axes
  6467 | D:9      | Gained mutation: You are resistant to electric shocks. [potion of beneficial mutation]
  6467 | D:9      | HP: 3/93 [killer bee (7)]
  6468 | D:9      | Gained mutation: Your spells are a little easier to cast, but a little less powerful. [potion of mutation]
  6468 | D:9      | Lost mutation: You are resistant to electric shocks. [potion of mutation]
  6468 | D:9      | Gained mutation: You possess an exceptional clarity of mind. [potion of mutation]
  6468 | D:9      | Succumbed to a killer bee's poison

Vault maps used:
D:1:      mrwooster_arrival_statue, corexii_leaking_fountain
D:2:      overflow_temple_1_default, lemuel_doored_altar, first_bread,
          roderic_filled_cross, nemelex_deck
D:3:      minmay_bisected
D:4:      wad_pebble_path, old_standard_altar
D:5:      kennysheep_mini, serial_shops, shop_fountains,
          grunt_ashenzari_visionary
D:6:      nicolae_overflow_crystal_walls, minmay_temple_entry_statues_fountains,
          serial_shops, nicolae_shop_statue_plus, hangedman_decor_opposing,
          bloody_trog
D:7:      nicolae_overflow_hidden_temple
D:8:      minmay_ornate_pinched
D:9:      minmay_opposing_rooms

Action                   |  1- 3 |  4- 6 |  7- 9 | 10-12 || total
-------------------------+-------+-------+-------+-------++-------
Melee: Hand axe          |   106 |       |       |       ||   106
       War axe           |    11 |   146 |   313 |    13 ||   483
Throw: Javelin           |     3 |       |     8 |       ||    11
       Tomahawk          |       |       |    12 |       ||    12
Invok: Burn Spellbooks   |       |     1 |       |       ||     1
       Berserk           |       |       |     4 |     1 ||     5
       Trog's Hand       |       |       |     3 |       ||     3
Evoke: Wand              |       |       |       |     1 ||     1
  Use: Scroll            |     2 |     4 |     2 |       ||     8
       Potion            |       |     2 |     3 |     3 ||     8
  Eat: Chunk             |     2 |     8 |     9 |     1 ||    20
       Bread ration      |       |       |     1 |       ||     1
